Map: [ESL] Tropical Sacrifice

Players

herO - Winner!

  • Race: Protoss Protoss
  • Spawn Location: 7:00

Lambo

  • Race: Zerg Zerg
  • Spawn Location: 1:00

Event: DreamHack SC2 Masters 2022 Valencia

VOD

Have the link to the VOD?

Description

Time

  • Played on: July 2, 2022, 12:10 p.m.
  • Length: 12:11

All games in this series

Show
View Real Time Build Order
Export as new Build Order

herO Protoss - Winner!

Build Orders: 1 Gate Expand, Chargelot Immortal 

Get SALT Encoding   

  12  0:02  Probe  
  13  0:17  Probe (Chrono Boost), Pylon  
  14  0:27  Probe (Chrono Boost)  
  15  0:33  Probe  
  16  0:39  Gateway  
  16  0:45  Probe  
  16  0:49  Assimilator  
  17  0:57  Probe  
  18  1:09  Probe  
  19  1:21  Probe  
  20  1:30  Cybernetics Core  
  20  1:38  Nexus  
  20  1:46  Pylon  
  20  1:48  Probe  
  21  1:54  Assimilator  
  21  2:00  Probe  
  22  2:03  Adept (Chrono Boost)  
  22  2:07  Warp Gate  
  24  2:12  Probe  
  25  2:24  Probe  
  26  2:31  Stalker  
  26  2:36  Probe  
  29  2:40  Pylon  
  28  2:44  Twilight Council  
  28  2:48  Probe (Chrono Boost)  
  29  2:52  Probe (Chrono Boost)  
  30  3:00  Probe (Chrono Boost), Adept  
  30  3:04  Probe (Chrono Boost)  
  34  3:08  Probe (Chrono Boost)  
  34  3:09  Probe (Chrono Boost)  
  36  3:15  Probe  
  36  3:16  Gateway  
  36  3:19  Resonating Glaives (Chrono Boost)  
  37  3:20  Gateway  
  37  3:32  Gateway  
  37  3:36  Pylon  
  37  3:37  Probe x2  
  39  3:44  Robotics Facility  
  39  3:49  Probe x2  
  39  3:52  Pylon  
  41  3:55  Adept  
  41  4:01  Probe  
  41  4:02  Probe  
  45  4:13  Adept  
  47  4:18  Nexus  
  47  4:26  Adept x2  
  47  4:28  Adept  
  53  4:33  Probe x2  
  55  4:41  Warp Prism (Chrono Boost)  
  57  4:48  Pylon  
  57  4:56  Adept x2  
  61  5:01  Gateway  
  61  5:02  Gateway  
  61  5:07  Adept  
  61  5:09  Adept  
  61  5:11  Observer (Chrono Boost)  
  68  5:17  Pylon  
  68  5:19  Gateway  
  66  5:30  Adept x2  
  66  5:31  Adept x2  
  74  5:36  Immortal (Chrono Boost)  
  78  5:47  Probe x2  
  74  5:53  Adept x3  
  74  5:55  Adept  
  74  6:07  Immortal (Chrono Boost)  
  74  6:19  Adept x2  
  74  6:20  Adept x3  
  84  6:27  Charge (Chrono Boost)  
  84  6:28  Probe x2  
  84  6:29  Probe  
  87  6:40  Probe  
  87  6:41  Probe  
  87  6:46  Immortal (Chrono Boost)  
  90  6:49  Pylon  
  90  6:53  Pylon  
  90  6:54  Pylon  
  93  7:07  Probe x3  
  96  7:12  Zealot x6  
  96  7:15  Zealot  
  110  7:19  Pylon  
  110  7:23  Observer (Chrono Boost)  
  110  7:24  Pylon  
  111  7:30  Probe  
  111  7:32  Pylon  
  114  7:40  Zealot x3  
  114  7:41  Zealot  
  114  7:42  Zealot x3  
  126  7:53  Pylon  
  126  7:55  Robotics Bay  
  126  8:03  Zealot x6  
  130  8:06  Zealot  
  88  8:20  Probe x3  
  88  8:26  Zealot x2  
  88  8:27  Zealot x5  
  93  8:43  Probe  
  93  8:44  Probe x2  
  93  8:47  Zealot x6  
  93  8:48  Zealot  
  96  8:50  Disruptor (Chrono Boost)  
  96  8:53  Observer  
  96  8:54  Observer  
  87  8:58  Assimilator  
  87  8:59  Assimilator, Gravitic Drive (Chrono Boost)  
  75  9:13  Forge  
  75  9:15  Shield Battery  
  75  9:16  Disruptor (Chrono Boost)  
  75  9:19  Probe x3  
  81  9:24  Assimilator, Blink  
  81  9:26  Zealot x2  
  81  9:28  Assimilator  
  85  9:31  Sentry  
  85  9:32  Zealot  
  85  9:37  Adept x2  
  93  9:44  Adept  
  95  9:50  Adept x2  
  94  9:53  Immortal (Chrono Boost)  
  94  9:59  Protoss Ground Weapons Level 1 (Chrono Boost)  
  94  10:08  Adept x5  
  94  10:12  Probe x3  
  96  10:14  Zealot x2  
  100  10:26  Disruptor (Chrono Boost)  
  103  10:38  Nexus  
  103  10:43  Pylon  
  103  10:44  Probe x3  
  103  10:47  Stalker x4  
  114  10:54  Disruptor  
  114  10:56  Photon Cannon  
  117  10:58  Probe x2  
  117  10:59  Probe  
  120  11:04  Shield Battery  
  120  11:19  Stalker x5  
  126  11:29  Probe x3  
  126  11:30  Disruptor (Chrono Boost)  
  126  11:32  Stalker x2  
  128  11:44  Photon Cannon  
  128  11:48  Gateway  
  128  11:49  Stalker, Gateway  
  128  11:50  Stalker  
Show
View Real Time Build Order
Export as new Build Order

Lambo Zerg 

Build Orders: Hatch First 

Get SALT Encoding   

  12  0:00  Drone  
  13  0:12  Overlord  
  13  0:17  Drone  
  14  0:31  Drone x2  
  16  0:45  Drone  
  17  0:53  Hatchery  
  17  0:56  Drone  
  17  0:59  Drone  
  18  1:12  Extractor  
  18  1:16  Spawning Pool  
  16  1:19  Drone  
  17  1:27  Drone  
  17  1:29  Drone  
  19  1:40  Drone  
  20  1:51  Overlord  
  20  2:03  Queen  
  20  2:06  Queen  
  20  2:07  Drone, Zergling x2  
  26  2:16  Metabolic Boost  
  26  2:17  Drone  
  26  2:18  Drone  
  28  2:26  Zergling x2  
  28  2:27  Drone  
  30  2:42  Drone  
  30  2:43  Queen  
  32  2:54  Zergling x2  
  32  2:55  Overlord  
  34  2:58  Drone  
  34  3:05  Hatchery  
  34  3:07  Zergling x2  
  34  3:10  Drone x2  
  36  3:15  Queen  
  36  3:18  Drone x3  
  41  3:22  Drone  
  41  3:24  Overlord  
  42  3:27  Drone  
  42  3:32  Drone  
  44  3:38  Overlord  
  44  3:44  Drone x3  
  47  3:49  Drone x2  
  47  3:50  Drone x2  
  47  3:53  Zergling x2  
  52  3:57  Overlord  
  52  4:00  Roach Warren  
  51  4:03  Drone  
  51  4:08  Drone  
  53  4:10  Zergling x4  
  53  4:13  Zergling x2  
  55  4:18  Spore Crawler  
  55  4:20  Zergling x2  
  55  4:21  Spore Crawler  
  55  4:23  Overlord, Queen  
  56  4:27  Drone x3  
  56  4:30  Queen  
  61  4:32  Zergling x2  
  61  4:33  Drone  
  61  4:38  Zergling x6  
  66  4:42  Zergling x4  
  67  4:52  Roach x2  
  73  4:53  Roach x2  
  73  4:54  Roach  
  77  5:02  Drone x2, Roach  
  77  5:03  Overlord  
  77  5:04  Overlord  
  77  5:05  Overlord  
  81  5:10  Overlord  
  81  5:11  Overlord  
  81  5:16  Overlord  
  81  5:21  Extractor, Overlord  
  81  5:22  Drone x3  
  81  5:25  Drone x2  
  81  5:26  Drone  
  86  5:30  Ravager  
  86  5:32  Zergling x6, Roach  
  92  5:41  Zergling x12  
  98  5:46  Roach  
  94  5:51  Zergling x2  
  94  5:52  Zergling x4  
  94  5:55  Roach x2  
  94  6:04  Roach  
  94  6:08  Zergling x12  
  99  6:14  Drone x2  
  99  6:17  Extractor  
  101  6:18  Drone  
  101  6:20  Extractor  
  101  6:23  Queen x2  
  106  6:27  Roach x2  
  106  6:30  Roach  
  112  6:35  Drone x2  
  114  6:42  Drone  
  114  6:45  Lair  
  114  6:46  Drone x2, Evolution Chamber  
  114  6:52  Drone x4  
  118  6:57  Drone  
  119  7:04  Drone x2  
  121  7:09  Drone, Extractor  
  121  7:10  Extractor  
  121  7:11  Baneling Nest  
  121  7:13  Ravager  
  121  7:15  Roach x2  
  124  7:17  Ravager  
  124  7:19  Roach x2  
  124  7:20  Roach x3  
  135  7:23  Drone x3, Overlord  
  135  7:24  Overlord  
  135  7:26  Overlord x2  
  137  7:30  Overlord  
  137  7:36  Overlord  
  137  7:39  Overlord  
  137  7:41  Queen  
  137  7:42  Overlord  
  138  7:48  Roach x5  
  148  7:53  Ravager  
  148  7:56  Baneling x8  
  149  7:59  Zergling x14  
  146  8:08  Roach  
  146  8:09  Roach x2  
  130  8:13  Roach  
  130  8:18  Roach x6  
  116  8:22  Roach x4  
  116  8:25  Roach  
  118  8:30  Roach  
  120  8:38  Zergling x2  
  120  8:39  Zergling x4  
  112  8:46  Roach x7  
  118  8:53  Zergling x10  
  118  8:55  Roach  
  113  8:56  Glial Reconstitution  
  105  9:03  Drone  
  105  9:06  Queen  
  105  9:07  Drone x2  
  106  9:12  Ravager x2  
  106  9:14  Drone x3  
  111  9:18  Drone x2  
  111  9:20  Drone  
  114  9:24  Zergling x6  
  114  9:27  Ravager  
  114  9:28  Baneling x4  
  114  9:29  Baneling  
  118  9:31  Baneling x5  
  118  9:32  Zergling x2  
  118  9:34  Zergling x4  
  118  9:36  Baneling  
  118  9:37  Zergling x2  
  123  9:38  Ravager  
  123  9:44  Drone x4  
  114  9:52  Drone x6  
  112  10:02  Zergling x6  
  97  10:09  Roach x3  
  97  10:14  Roach x7  
  104  10:20  Zergling x2  
  104  10:21  Zergling x8  
  109  10:23  Queen  
  111  10:29  Queen  
  113  10:40  Roach x4  
  113  10:42  Queen  
  116  10:48  Centrifugal Hooks  
  116  10:54  Hatchery  
  116  10:55  Roach  
  118  10:57  Ravager  
  118  10:58  Roach  
  118  10:59  Pneumatized Carapace  
  118  11:00  Roach  
  118  11:02  Roach  
  124  11:06  Roach x2  
  114  11:22  Drone x10  
  118  11:42  Drone x2  
  118  11:43  Drone x6  
  126  11:48  Zergling x6  
  132  11:54  Ravager x3  
  132  11:58  Ravager x3  

Tags
 
Add a new tag
Caveats
  • Supply blocks, unpowered buildings, or Contaminate may cause inaccurate times.
  • Supply counts are checked every 10 seconds.